 Dungeon Crawl Stone Soup version 0.19.1 (webtiles) character file.

1594 Judgement the Carver (level 8, -9/61 HPs)
             Began as a Demonspawn Wanderer on Nov 23, 2016.
             Killed from afar by an orc wizard (11 damage)
             ... with a puff of flame
             ... on level 5 of the Dungeon.
             The game lasted 00:21:13 (9455 turns).

Judgement the Carver (Demonspawn Wanderer)          Turns: 9455, Time: 00:21:13

Health: -9/61      AC:  9    Str: 11    XL:     8   Next: 62%
Magic:  8/8        EV:  9    Int: 15    God:
Gold:   291        SH:  0    Dex: 15    Spells: 0 memorised, 7 levels left

rFire  . . .     SeeInvis .     d - +0 falchion
rCold  . . .     Gourm    .     c - +0 ring mail
rNeg   . . .     Faith    +     (no shield)
rPois  .         Spirit   .     n - +0 helmet
rElec  .         Reflect  .     (no cloak)
rCorr  .         Harm     .     (no gloves)
MR     .....                    (no boots)
Stlth  +.........               j - amulet of faith
                                (no ring)
                                (no ring)

@: heavily drained
A: talons 1, thin metallic scales 2
a: no special abilities


You were on level 5 of the Dungeon.
You were very hungry.

You visited 1 branch of the dungeon, and saw 6 of its levels.
You also visited: Sewer.

You collected 291 gold pieces.

Inventory:

Hand Weapons
 a - a +2 dagger
 d - a +0 falchion (weapon)
 k - a +2 dagger of speed
Armour
 c - a +0 ring mail (worn)
 e - the +0 robe of Pleasant Breezes {rPois}
   (You found it in a sewer)

   It protects you from poison.
 n - a +0 helmet (worn)
Magical Staves
 g - an uncursed staff of air
Jewellery
 j - an amulet of faith (around neck)
Wands
 t - a wand of slowing (4/48)
 u - a wand of polymorph (17/24)
Scrolls
 i - a scroll of identify
 r - 2 scrolls of fog
 s - a scroll of remove curse
Potions
 v - a potion of brilliance
Books
 h - a book of Conjurations

   Spells                             Type                      Level
   a - Magic Dart                     Conjuration                  1
   b - Searing Ray                    Conjuration                  2
   c - Dazzling Spray                 Conjuration/Hexes            3
   d - Fulminant Prism                Conjuration/Hexes            4
   e - Iskenderun's Mystic Blast      Conjuration                  4
   f - Iskenderun's Battlesphere      Conjuration/Charms           5
Comestibles
 b - 3 royal jellies
 f - 4 bread rations
 l - a beef jerky
 o - 2 meat rations
 q - 2 slices of pizza


   Skills:
 - Level 4.7(3.1) Fighting
 + Level 9.2(7.3) Long Blades
   Level 1.7(0.2) Axes
 - Level 1.0(0.0) Armour
 - Level 2.6(1.1) Stealth
 - Level 1.0(0.0) Evocations


You had 7 spell levels left.
You didn't know any spells.

Dungeon Overview and Level Annotations

Branches:
Dungeon (6/15)
 Temple: D:4-7

Altars:
Ashenzari
Makhleb
Nemelex Xobeh

Shops:
D:5 (   D:6 [(*(

Annotations:
D:4 Vesto's ghost, weakling DsFi


Innate Abilities, Weirdness & Mutations

You have sharp toenails.
You are mostly covered in thin metallic scales. (AC +3)


Message History

The orc wizard is heavily wounded.
The orc wizard hits you but does no damage.
You barely miss the orc wizard.
The orc wizard is heavily wounded.
The orc wizard hits you with a dagger.
* * * LOW HITPOINT WARNING * * *
You hit the orc wizard but do no damage.
The orc wizard is heavily wounded.
The orc wizard casts a spell.
The orc wizard hits you but does no damage.
You closely miss the orc wizard.
You claw the orc wizard, but do no damage.
The orc wizard is heavily wounded.
The orc wizard hits you but does no damage.
You hit the orc wizard.
You claw the orc wizard, but do no damage.
The orc wizard is heavily wounded.
The orc wizard gestures at you while chanting.
The puff of flame hits you!
You die...

#...........# #.##
#........#.## ##.##
#####......####....
##..#........##
#..##......###
#..##...##....
###...........##
####†....#.###.#..#
#.@o†......###.##.#
#####).#...........
#..(.#..##.#..#
##.#.#.....##..
##(#...#..#####
###..##......####
#........[).....#
#....###.........
###....#[(##.###.


You could see an orc wizard.

Vanquished Creatures
  A black bear (D:4)
  A necrophage (D:5)
  A phantom (D:4)
  2 centaurs
  A bullfrog (Sewer)
  A scorpion (D:5)
  2 wights
  A howler monkey (D:4)
  5 hounds
  3 orc priests
  8 worker ants
  7 orc wizards
  Robin (D:2)
  2 river rats (D:3)
  10 adders
  2 shadow imps
  2 oozes
  4 worms
  3 dart slugs
  8 leopard geckos
  14 orcs
  6 ball pythons
  6 giant cockroaches
  15 goblins
  7 hobgoblins
  6 jackals
  10 kobolds
  A quokka (D:3)
  8 bats
  20 frilled lizards
  2 jackal zombies (D:6)
  12 rats
172 creatures vanquished.

Vanquished Creatures (others)
  A sky beast (D:5)
1 creature vanquished.

Grand Total: 173 creatures vanquished

Notes
Turn   | Place    | Note
-------+----------+-------------------------------------------
     0 | D:1      | Judgement the Demonspawn Wanderer began the quest for the Orb.
     0 | D:1      | Judgement set off with: a +2 dagger, a potion of berserk rage, a +0 ring mail, a +0 falchion, a bread ration
     0 | D:1      | Reached XP level 1. HP: 15/15 MP: 1/1
   469 | D:1      | Gained mutation: You have sharp toenails. [demonic ancestry]
   469 | D:1      | Reached XP level 2. HP: 22/22 MP: 2/2
  1325 | D:2      | Reached XP level 3. HP: 27/29 MP: 3/3
  1612 | D:2      | Noticed Robin
  2172 | D:2      | Gained mutation: You are partially covered in thin metallic scales. (AC +2) [demonic ancestry]
  2172 | D:2      | Reached XP level 4. HP: 10/37 MP: 4/4
  2418 | D:2      | Killed Robin
  2466 | D:2      | Found a shattered altar of Ashenzari.
  2470 | D:2      | Saw a vision of the Swamp and the Snake Pit.
  2470 | D:2      | Noticed a black mamba
  2470 | D:2      | Noticed a black mamba
  2470 | D:2      | Noticed a naga
  2470 | D:2      | Noticed a naga warrior
  3286 | D:3      | Reached skill level 2 in Long Blades
  3325 | D:3      | Reached XP level 5. HP: 43/43 MP: 5/5
  3434 | D:3      | Found a glowing drain.
  3612 | Sewer    | Entered a sewer
  4013 | Sewer    | Reached skill level 3 in Long Blades
  4022 | Sewer    | Got a sheer robe
  4033 | Sewer    | Identified the cursed +0 robe of Pleasant Breezes {rPois} (You found it in a sewer)
  4259 | D:3      | Noticed a centaur
  4279 | D:3      | Killed a centaur
  4279 | D:3      | Reached skill level 4 in Long Blades
  4279 | D:3      | Gained mutation: You are mostly covered in thin metallic scales. (AC +3) [demonic ancestry]
  4279 | D:3      | Reached XP level 6. HP: 23/49 MP: 6/6
  4842 | D:4      | Noticed Vesto's ghost (weakling DsFi)
  4854 | D:4      | Found a sparkling altar of Nemelex Xobeh.
  4879 | D:4      | Reached skill level 5 in Long Blades
  5528 | D:4      | Reached XP level 7. HP: 33/55 MP: 7/7
  5800 | D:4      | Reached skill level 6 in Long Blades
  6263 | D:5      | Entered Level 5 of the Dungeon
  6591 | D:5      | Reached skill level 7 in Long Blades
  6992 | D:5      | Found Neusas's Antique Weapon Boutique.
  7188 | D:4      | Reached XP level 8. HP: 59/61 MP: 8/8
  7533 | D:5      | Found a burning altar of Makhleb.
  7737 | D:5      | Reached skill level 8 in Long Blades
  8354 | D:6      | Found Fefradoe's General Store.
  8569 | D:6      | Found Wanotegh's Antique Weapon Emporium.
  9188 | D:6      | Found Bofoter's Antique Armour Shoppe.
  9193 | D:6      | Found Buly's Antique Weapon Shoppe.
  9312 | D:5      | Reached skill level 9 in Long Blades
  9447 | D:5      | HP: 1/61 [orc wizard/puff of frost (6)]
  9452 | D:5      | HP: 1/61 [orc wizard/dagger (1)]
  9455 | D:5      | Killed from afar by an orc wizard

Skill      XL: |  1  2  3  4  5  6  7  8 |
---------------+-------------------------+-----
Fighting       | 2 3 4 |  4.7
Long Blades    | 2 4 5 7 9 |  9.2
Axes           | |  1.7
Armour         | |  1.0
Stealth        | |  2.6
Evocations     | |  1.0

Action                   |  1- 3 |  4- 6 |  7- 9 || total
-------------------------+-------+-------+-------++-------
Melee: Dagger            |   162 |   306 |       ||   468
       Kick              |    29 |    82 |   116 ||   227
       Falchion          |       |    63 |   382 ||   445
Evoke: Wand              |       |       |     1 ||     1
  Use: Potion            |     1 |     5 |     6 ||    12
       Scroll            |       |     6 |     3 ||     9
 Stab: Sleeping          |     2 |     5 |     1 ||     8
       Distracted        |     1 |       |       ||     1
  Eat: Chunk             |     4 |    11 |    12 ||    27
Armor: Ring mail         |    75 |    89 |   197 ||   361
       Robe              |       |    10 |       ||    10
Dodge: Dodged            |    61 |   126 |   179 ||   366
       Rpst.: Falchion   |       |    11 |    50 ||    61
